 Dungeon Crawl Stone Soup version 0.31-a0-4-gefa6de2278 (webtiles) character file.

Game seed: 687026337249883478

160 qeuew the Caller (level 5, -4/28 HPs)
             Began as a Deep Elf Summoner on May 2, 2023.
             Killed by nerve-wracking pain
             ... invoked by Grinder
              (13 damage)
             ... on level 3 of the Dungeon on May 3, 2023.
             The game lasted 00:06:22 (3149 turns).

qeuew the Caller (Deep Elf Summoner)                Turns: 3149, Time: 00:06:23

Health: -4/28      AC:  5    Str:  6    XL:     5   Next: 17%
Magic:  14/15      EV: 12    Int: 24    God:
Gold:   127        SH:  0    Dex: 14    Spells: 9/13 levels left

rFire   . . .        g - +0 dagger (freeze)
rCold   . . .        (no shield)
rNeg    . . .        c - +2 leather armour {rPois}
rPois   +            (no helmet)
rElec   .            (no cloak)
rCorr   .            (no gloves)
SInv    .            (no boots)
Will    .....        (no amulet)
Stlth   ++           (no ring)
HPRegen 0.24/turn    (no ring)
MPRegen 0.14/turn

%: no passive effects
@: no status effects
A: clever 1, high MP 1, evolution 1
a: no special abilities


You were on level 3 of the Dungeon.
You visited 1 branch of the dungeon, and saw 3 of its levels.

You collected 127 gold pieces.

Inventory:

Hand Weapons
 g - a +0 dagger of freezing (weapon)
Armour
 c - a +2 leather armour of poison resistance (worn)
Wands
 j - a wand of iceblast (7)
Scrolls
 d - a scroll of identify
 e - 2 scrolls of amnesia
 i - 2 scrolls of fog
 k - 2 scrolls of teleportation
 l - a scroll of immolation {unknown}
Potions
 a - 2 potions of curing
 b - a potion of magic
 f - 3 potions of flight
 h - 2 potions of attraction {unknown}


   Skills:
 + Level 1.1 Short Blades
 + Level 1.3 Armour
 + Level 3.4 Dodging
 - Level 2.5 Stealth
 * Level 4.6 Spellcasting
 + Level 1.0 Conjurations
 + Level 5.1 Summonings


You had 9 spell levels left.
You knew the following spells:

 Your Spells              Type           Power      Damage    Failure   Level
a - Summon Small Mammal   Summ           100%       N/A       1%          1
b - Call Imp              Summ           60%        N/A       2%          2
c - Magic Dart            Conj           40%        1d5       10%         1

Your spell library contained the following spells:

 Spells                   Type           Power      Damage    Failure   Level
 Call Canine Familiar     Summ           30%        N/A       5%          3
 Summon Guardian Golem    Hex/Summ       17%        N/A       16%         3
 Cigotuvi's Dreadful Rot  Necr/Pois/Air  10%        N/A       22%         2
 Mephitic Cloud           Conj/Pois/Air  7%         N/A       36%         3
 Gell's Gravitas          Tloc           5%         N/A       41%         3
 Ignite Poison            Fire/Tmut/Pois 5%         N/A       41%         3
 Portal Projectile        Hex/Tloc       10%        N/A       41%         3
 Teleport Other           Tloc           5%         N/A       41%         3
 Summon Lightning Spire   Summ/Air       17%        N/A       45%         4
 Leda's Liquefaction      Hex/Erth       2%         N/A       82%         4
 Freezing Cloud           Conj/Ice/Air   3%         6-21      98%         5
 Dispersal                Tloc           2%         N/A       100%        6


Dungeon Overview and Level Annotations

Branches:
Dungeon (3/15)

Altars:
Vehumet
Wu Jian

Shops:
D:1 ?

Annotations:
D:3 Grinder


Innate Abilities, Weirdness & Mutations

Your mind is acute. (Int +4, Str/Dex -1)
You have an increased reservoir of magic. (+10% MP)
You have hidden genetic potential.


Message History

Your quokka barely misses Grinder.
Your cerulean imp barely misses Grinder.
Your quokka barely misses Grinder.
Grinder hits you!
You writhe in agony.
Your cerulean imp hits Grinder from afar with a -1 spear.
Your quokka bites Grinder.
You hit Grinder.
Grinder is lightly wounded.
Your quokka barely misses Grinder.
Grinder closely misses you.
Your cerulean imp hits Grinder but does no damage.
Your quokka barely misses Grinder.
You hit Grinder.
Grinder is lightly wounded.
Your quokka bites Grinder. x2; Grinder misses you.
Your cerulean imp barely misses Grinder.
Your quokka barely misses Grinder.
You hit Grinder but do no damage.
Grinder is moderately wounded.
Your quokka misses Grinder. Grinder hits you but does no damage.
Your cerulean imp hits Grinder from afar with a -1 spear.
Your quokka closely misses Grinder.
You hit Grinder but do no damage.
Grinder is moderately wounded.
Your quokka closely misses Grinder.
Grinder says, "My boss said I was rubbish.
His entrails said otherwise."
Grinder closely misses you.
Your cerulean imp hits Grinder from afar with a -1 spear.
Your quokka barely misses Grinder.
Your quokka bites Grinder.
You hit Grinder.
Grinder is moderately wounded.
Grinder hits you.
You writhe in agony.
Your cerulean imp hits Grinder from afar with a -1 spear.
Your quokka bites Grinder. x2
Unknown command.
You hit Grinder.
Grinder is severely wounded.
Your quokka closely misses Grinder.
Grinder gestures at you. Pain shoots through your body!
You die...

.........).....#
#.###.##.#.##..#
#.###.##.#.##..#
..........##..#
#.###.##.#.#.##..#
..........#.....#
#.#.##.#.#.#.##..#
#......).#...# .#
..#.#..@r..#.# #
#..5r5.#.#...
#...#........##.
#.# #.#.##.#.# .#
. ........... #
.#.##.###.## ....
. ... :# # ## ##


You could see Grinder (ally target), a friendly cerulean imp (summoned) and 2
friendly quokkas.

Vanquished Creatures
  Natasha (D:3)
  A worm (D:3)
  A dart slug (D:2)
  3 endoplasms
  A giant cockroach (D:3)
  4 goblins
  3 hobgoblins
  A jackal (D:1)
  2 quokkas
  6 ball pythons
  4 bats
  3 kobolds
  4 rats
34 creatures vanquished.

Vanquished Creatures (collateral kills)
  Natasha (twice) (D:3)
  A river rat (D:3)
  A worm (D:2)
  An endoplasm (D:1)
  3 giant cockroaches
  6 goblins
  2 hobgoblins (D:1)
  6 jackals (D:1)
  4 ball pythons
  A bat (D:1)
  4 kobolds (D:1)
  4 rats
35 creatures vanquished.

Grand Total: 69 creatures vanquished

Notes
Turn   | Place    | Note
-------+----------+-------------------------------------------
     0 | D:1      | qeuew the Deep Elf Summoner began the quest for the Orb.
     0 | D:1      | Reached XP level 1. HP: 10/10 MP: 6/6
   237 | D:1      | Reached XP level 2. HP: 5/15 MP: 6/8
   254 | D:1      | Learned a level 2 spell: Call Imp
   560 | D:1      | Found Tathralos's Magic Scroll Shop.
   912 | D:1      | Reached XP level 3. HP: 19/19 MP: 7/10
  1846 | D:2      | Found an ornate altar of the Wu Jian Council.
  2247 | D:2      | Gained mutation: You have hidden genetic potential. [potion
                  | of mutation]
  2247 | D:2      | Gained mutation: Your mind is acute. (Int +4, Str/Dex -1)
                  | [potion of mutation]
  2252 | D:2      | Learned a level 1 spell: Magic Dart
  2300 | D:3      | Noticed Natasha
  2308 | D:3      | Killed Natasha
  2309 | D:3      | Reached skill level 1 in Armour
  2309 | D:3      | Reached skill level 5 in Summonings
  2309 | D:3      | Reached XP level 4. HP: 14/24 MP: 3/12
  2422 | D:3      | Noticed Natasha
  2434 | D:3      | Killed Natasha
  2451 | D:3      | Gained mutation: You have an increased reservoir of magic.
                  | (+10% MP) [hidden potential]
  2600 | D:3      | Identified the +7 ring mail of Quczupom {rElec rN+ Str+5}
  2790 | D:3      | Found a radiant altar of Vehumet.
  2830 | D:3      | Found a glowing drain.
  2837 | D:3      | Upgraded the game from 0.31-a0-1-g4198be8af4 to
                  | 0.31-a0-4-gefa6de2278
  2845 | D:3      | Reached skill level 1 in Short Blades
  3017 | D:3      | Noticed Natasha
  3026 | D:3      | HP: 1/24 [cerulean imp/+0 spear[Natasha] (2)]
  3036 | D:3      | Killed Natasha
  3037 | D:3      | Reached skill level 1 in Conjurations
  3037 | D:3      | Reached XP level 5. HP: 4/28 MP: 10/15
  3138 | D:3      | Noticed Grinder
  3149 | D:3      | Killed from afar by Grinder

Illustrated notes

Levels and vault maps discovered:
D:1:      wheals_arrival_linesprint, layout_loops_ring, serial_shops, shop
D:2:      layout_basic, serial_rivers, chequers_serial_rivers_large_b,
          chequers_serial_rivers_large_a, chequers_serial_rivers_marsh,
          chequers_serial_rivers_micro_d, basic_altar, st_stairs_8
D:3:      layout_basic, mainiacjoe_overflow_paths, portal_sewer_entry_b,
          chequers_serial_rivers_micro_a, minmay_misc_feat_tiny,
          minmay_diced_spiral, uniq_natasha, uniq_grinder

Skill      XL: |  1  2  3  4 |
---------------+-------------+-----
Dodging        | 3 |  3.4
Spellcasting   | 4 |  4.6
Armour         | 1 |  1.3
Summonings     | 5 |  5.1
Short Blades   | 1 |  1.1
Conjurations   | 1 |  1.0
Stealth        | |  2.5

Action                     |  1- 3 |  4- 6 || total
---------------------------+-------+-------++-------
  Melee: Unarmed           |    64 |       ||    64
         Dagger            |    64 |    63 ||   127
         Punch             |     2 |       ||     2
   Cast: Summon Small Mamm |    42 |     7 ||    49
         Call Imp          |     4 |     4 ||     8
         Magic Dart        |     2 |     1 ||     3
    Use: Scroll            |     7 |       ||     7
         Potion            |     5 |       ||     5
   Stab: Sleeping          |     6 |       ||     6
 Armour: Robe              |     6 |       ||     6
         Leather armour    |    46 |    18 ||    64
  Dodge: Dodged            |   110 |    43 ||   153

Table legend: (Time is in decaauts)
 A = Elapsed time spent in this place.
 B = Non-inter-level travel time spent in this place.
 C = Inter-level travel time spent in this place.
 D = Time resting spent in this place.
 E = Time spent auto-exploring this place.
 F = Levels seen in this place.
 G = Mean time per level.
                   A        B        C        D        E       F      G
               +--------+--------+--------+--------+--------+-----+--------+
         Total |   3230 |   3034 |    196 |      0 |   2377 |   3 | 1076.7 |
       Dungeon |   3230 |   3034 |    196 |      0 |   2377 |   3 | 1076.7 |
               +--------+--------+--------+--------+--------+-----+--------+

Top non-repeatable levels by time:
     D:1: 1316 daAuts
     D:2: 1025 daAuts
     D:3: 889 daAuts
